[Event "ICC tourney 2313 (120 10)"]
[Site "Internet Chess Club"]
[Date "2021.01.17"]
[Round "4"]
[White "prostripe"]
[Black "traycon"]
[Result "0-1"]
[ICCResult "White checkmated"]
[WhiteElo "1344"]
[BlackElo "853"]
[Opening "Dutch"]
[ECO "A80"]
[NIC "HD.12"]
[Time "16:16:29"]
[PlyCount "70"]
[TimeControl "7200+10"]

1. d4 f5 2. Nf3 Nf6 3. Nc3 g6 4. Bf4 d6 5. e3 Bg7 6. Bc4 d5 7. Bb3 a6 8.
Bg5 Be6 9. Bxf6 Bxf6 10. Nd2 O-O 11. Qf3 c6 12. O-O-O Bf7 13. g4 fxg4 14.
Qxg4 e5 15. Ne2 a5 16. c3 a4 17. Bc2 Nd7 18. h4 Bg7 19. h5 Nf6 20. Qg2 Nxh5
21. dxe5 Bxe5 22. Nf3 Bf6 23. Rxh5 d4 24. Ne5 Bxe5 25. Rxe5 Qf6 26. Rf5 Qe6
27. Nxd4 Qxa2 28. Bb1 Qc4 29. Nc2 a3 30. Nxa3 Rxa3 31. bxa3 Qxc3+ 32. Bc2
Qxa3+ 33. Kd2 Rd8+ 34. Bd3 Qxd3+ 35. Ke1 Qxd1# { White checkmated } 0-1

[Event "ICC tourney 2313 (120 10)"]
[Site "Internet Chess Club"]
[Date "2021.01.17"]
[Round "4"]
[White "chess278"]
[Black "kittypuppy"]
[Result "1-0"]
[ICCResult "Black checkmated"]
[WhiteElo "1287"]
[BlackElo "1058"]
[Opening "Réti opening"]
[ECO "A04"]
[NIC "QP.11"]
[Time "16:16:45"]
[PlyCount "121"]
[TimeControl "7200+10"]

1. Nf3 c6 2. b3 d5 3. Bb2 Bg4 4. e3 Nf6 5. d4 e6 6. Be2 Nbd7 7. Nbd2 Bd6 8.
Ne5 Bxe2 9. Qxe2 Qc7 10. f4 Bb4 11. O-O Bxd2 12. Qxd2 Ne4 13. Qe2 Nxe5 14.
fxe5 Qe7 15. a4 O-O-O 16. Ba3 Qd7 17. c4 Rhf8 18. Bxf8 Rxf8 19. Qg4 g6 20.
Qe2 Qe7 21. cxd5 exd5 22. Qe1 h5 23. Qa5 Kb8 24. Qe1 g5 25. b4 h4 26. Ra2
g4 27. Rf4 Qg5 28. Rc2 h3 29. g3 Qh5 30. Qe2 Rg8 31. Qf1 Rg7 32. Rf5 Qh6
33. Qf4 Qe6 34. Rf6 Qe7 35. e6+ Kc8 36. Rxf7 Rxf7 37. Qxf7 Qg5 38. Qd7+ Kb8
39. Qe8+ Kc7 40. Qf7+ Kb6 41. Qf4 Qe7 42. a5+ Kb5 43. Qf1+ Kxb4 44. Qb1+
Ka4 45. Ra2+ Qa3 46. Rxa3+ Kxa3 47. Qxb7 Nd6 48. Qe7 Ka4 49. Qxd6 c5 50.
dxc5 d4 51. Qxd4+ Kxa5 52. e7 a6 53. Qd5 Kb4 54. e8=Q Ka5 55. Qa2+ Kb4 56.
Qe4+ Kxc5 57. Qa5+ Kd6 58. Qxa6+ Kc7 59. Qec6+ Kd8 60. Qcb7 Ke8 61. Qaa8# {
Black checkmated } 1-0

[Event "ICC tourney 2313 (120 10)"]
[Site "Internet Chess Club"]
[Date "2021.01.17"]
[Round "4"]
[White "kevin2010"]
[Black "DanielGuan"]
[Result "0-1"]
[ICCResult "White resigns"]
[WhiteElo "1126"]
[BlackElo "1291"]
[Opening "King's Indian: East Indian defense"]
[ECO "A48"]
[NIC "QP.06"]
[Time "16:16:27"]
[PlyCount "122"]
[TimeControl "7200+10"]

1. d4 Nf6 2. Nf3 g6 3. e3 Bg7 4. Bd3 O-O 5. O-O Nc6 6. Nbd2 d5 7. Re1 Nb4
8. Nf1 Nxd3 9. Qxd3 Bf5 10. Qd1 c6 11. Ng3 Bd7 12. Ne5 Be6 13. Qd3 Qc7 14.
c3 c5 15. Bd2 c4 16. Qc2 h5 17. e4 h4 18. Nf1 Nxe4 19. Nf3 Nxd2 20. Qxd2 h3
21. g3 Bf5 22. Ne3 Be6 23. Ng5 Qd7 24. Nc2 Bh6 25. f4 Bg4 26. Ne3 Bxg5 27.
fxg5 Be6 28. Nc2 Qd6 29. Re2 Bg4 30. Rf2 Kg7 31. Raf1 Bf5 32. Ne3 Bd3 33.
Re1 Rad8 34. Ng4 Bf5 35. Nh6 Bd7 36. Ref1 Be6 37. Rf4 f6 38. Qf2 Bd7 39.
Re1 fxg5 40. Rf7+ Rxf7 41. Qxf7+ Kxh6 42. Rxe7 Kh5 43. Qf3+ g4 44. Re5+ Bf5
45. Qf4 Qf6 46. Qe3 Qg5 47. Qe1 Kh6 48. Re7 Rf8 49. Qe5 Qc1+ 50. Qe1 Qxe1+
51. Rxe1 Be4 52. Rf1 Rxf1+ 53. Kxf1 Kg5 54. Ke2 Kf5 55. Kd2 Bf3 56. a3 Be4
57. Ke3 Bd3 58. a4 a5 59. Kd2 Ke4 60. Kc1 Kf3 61. Kd1 Kg2 { White resigns }
0-1

[Event "ICC tourney 2313 (120 10)"]
[Site "Internet Chess Club"]
[Date "2021.01.17"]
[Round "4"]
[White "DrBryanJ"]
[Black "halobeams"]
[Result "1-0"]
[ICCResult "Black resigns"]
[WhiteElo "1261"]
[BlackElo "1278"]
[Opening "Queen's pawn game, Chigorin variation"]
[ECO "D02"]
[NIC "QP.08"]
[Time "16:16:29"]
[PlyCount "93"]
[TimeControl "7200+10"]

1. d4 d5 2. Nf3 Nc6 3. Bf4 Bf5 4. e3 a6 5. c4 e6 6. Nc3 Nf6 7. Bd3 Bxd3 8.
Qxd3 Nb4 9. Qe2 dxc4 10. Ne5 b5 11. O-O Be7 12. a3 Nbd5 13. a4 Nxc3 14.
bxc3 O-O 15. axb5 axb5 16. Nc6 Qd7 17. Nxe7+ Qxe7 18. Qf3 Nd5 19. Rxa8 Rxa8
20. Rb1 c6 21. e4 Nb6 22. Qg3 Qf6 23. Be3 Na4 24. Bd2 Qg6 25. Qe5 Qf6 26.
Qd6 Rc8 27. d5 Qd8 28. Qxd8+ Rxd8 29. dxc6 Rxd2 30. c7 Nb6 31. Kf1 Rd7 32.
Rxb5 Nc8 33. Rc5 Kf8 34. Rxc4 Ke7 35. e5 Rd5 36. f4 f6 37. exf6+ gxf6 38.
g4 Kd6 39. h4 Rc5 40. Rxc5 Kxc5 41. g5 f5 42. h5 Kd6 43. g6 hxg6 44. h6
Kxc7 45. h7 g5 46. fxg5 Ne7 47. h8=Q { Black resigns } 1-0

[Event "ICC tourney 2313 (120 10)"]
[Site "Internet Chess Club"]
[Date "2021.01.17"]
[Round "4"]
[White "rileygordon"]
[Black "siddharthbose"]
[Result "0-1"]
[ICCResult "White resigns"]
[WhiteElo "1328"]
[BlackElo "1232"]
[Opening "Sicilian: Labourdonnais-Löwenthal variation"]
[ECO "B32"]
[NIC "SI.32"]
[Time "16:16:28"]
[PlyCount "64"]
[TimeControl "7200+10"]

1. e4 c5 2. Nf3 Nc6 3. d4 cxd4 4. Nxd4 e5 5. Nxc6 bxc6 6. Be3 Nf6 7. Nc3
Bb4 8. f3 Bxc3+ 9. bxc3 O-O 10. Bc4 d5 11. exd5 cxd5 12. Bb5 Qa5 13. Rb1
Qxc3+ 14. Bd2 Qc7 15. O-O Rb8 16. Kh1 Bf5 17. Bd3 Bg6 18. Rxb8 Rxb8 19. f4
Bh5 20. Be2 Bxe2 21. Qxe2 Ne4 22. fxe5 Qxc2 23. e6 Qxd2 24. Qh5 Qf2 25.
exf7+ Kf8 26. Rd1 Qxf7 27. Qe2 Nf2+ 28. Kg1 Nxd1 29. Qxd1 Rb2 30. Qe1 Qf5
31. g4 Qxg4+ 32. Qg3 Qd1+ { White resigns } 0-1

[Event "ICC tourney 2313 (120 10)"]
[Site "Internet Chess Club"]
[Date "2021.01.18"]
[Round "5"]
[White "MichaelLiu"]
[Black "cappyal"]
[Result "1-0"]
[ICCResult "Black resigns"]
[WhiteElo "1164"]
[BlackElo "624"]
[Opening "King's pawn game"]
[ECO "C50"]
[NIC "IG.03"]
[Time "11:01:09"]
[PlyCount "39"]
[TimeControl "7200+10"]

1. e4 e5 2. Nf3 Nc6 3. Bc4 h6 4. c3 Nf6 5. d4 exd4 6. cxd4 Bb4+ 7. Nc3
Bxc3+ 8. bxc3 d5 9. exd5 Nxd5 10. O-O O-O 11. Bxd5 Qxd5 12. h3 Qe6 13. Qd3
Rd8 14. Bf4 Qf6 15. Bxc7 Rd7 16. Bg3 b6 17. Rfe1 Re7 18. Rxe7 Qxe7 19. Re1
Qa3 20. Re8+ { Black resigns } 1-0

[Event "ICC tourney 2313 (120 10)"]
[Site "Internet Chess Club"]
[Date "2021.01.18"]
[Round "5"]
[White "ivo20"]
[Black "charlesshen"]
[Result "0-1"]
[ICCResult "White resigns"]
[WhiteElo "1381"]
[BlackElo "1262"]
[Opening "Ponziani counter-gambit"]
[ECO "C44"]
[NIC "KP.05"]
[Time "11:01:15"]
[PlyCount "50"]
[TimeControl "7200+10"]

1. e4 e5 2. Nf3 Nc6 3. c3 f5 4. d3 Nf6 5. Bg5 fxe4 6. dxe4 Bc5 7. Bxf6 Qxf6
8. b4 Bb6 9. a4 a5 10. Bb5 axb4 11. Bxc6 dxc6 12. cxb4 O-O 13. O-O Bg4 14.
Nbd2 Rad8 15. Qb3+ Kh8 16. h3 Be6 17. Qc2 Bd4 18. Nxd4 Rxd4 19. b5 Qh6 20.
Nf3 Rxf3 21. gxf3 Bxh3 22. Kh2 Bxf1+ 23. Kg1 Bh3 24. Kh2 Bg4+ 25. Kg1 Bxf3
{ White resigns } 0-1

[Event "ICC tourney 2313 (120 10)"]
[Site "Internet Chess Club"]
[Date "2021.01.18"]
[Round "5"]
[White "chessrdu20"]
[Black "VirginiaGuy"]
[Result "1-0"]
[ICCResult "Black resigns"]
[WhiteElo "1137"]
[BlackElo "1298"]
[Opening "Caro-Kann defense"]
[ECO "B10"]
[NIC "CK.01"]
[Time "11:01:16"]
[PlyCount "45"]
[TimeControl "7200+10"]

1. e4 c6 2. Nf3 d5 3. exd5 cxd5 4. d4 Nf6 5. Bf4 Bf5 6. Bd3 Bxd3 7. Qxd3
Nc6 8. a3 e6 9. Nc3 Bd6 10. Ne5 a6 11. O-O O-O 12. Rad1 Rc8 13. Rfe1 Nh5
14. Qf3 Nxf4 15. Qxf4 Nxe5 16. dxe5 Bxa3 17. Nxd5 exd5 18. bxa3 Rxc2 19.
Qd4 Qc7 20. Qxd5 Qb6 21. Qf3 Rfc8 22. Rd7 R2c7 23. Qxf7+ { Black resigns }
1-0

[Event "ICC tourney 2313 (120 10)"]
[Site "Internet Chess Club"]
[Date "2021.01.18"]
[Round "5"]
[White "SPBrain"]
[Black "bshesh131"]
[Result "0-1"]
[ICCResult "White checkmated"]
[WhiteElo "1342"]
[BlackElo "908"]
[Opening "Ruy Lopez: Berlin defense"]
[ECO "C65"]
[NIC "RL.07"]
[Time "11:01:18"]
[PlyCount "96"]
[TimeControl "7200+10"]

1. e4 e5 2. Nf3 Nc6 3. Bb5 Nf6 4. d3 d6 5. Nc3 Bd7 6. Bg5 g6 7. Qd2 Be7 8.
h3 Nd4 9. Bxd7+ Nxd7 10. Bxe7 Nxf3+ 11. gxf3 Qxe7 12. Nd5 Qd8 13. Qh6 c6
14. Ne3 Qf6 15. O-O-O b5 16. Rhg1 Qxf3 17. Qg7 Ke7 18. Rdf1 Qxh3 19. Rh1
Qf3 20. Rxh7 Rxh7 21. Qxh7 Qf6 22. Qh3 Rh8 23. Qg3 Qh4 24. Qxh4+ Rxh4 25.
Kd2 Ke6 26. a3 d5 27. exd5+ cxd5 28. b3 d4 29. Nd1 Rh2 30. c4 bxc4 31. bxc4
Kf5 32. Nb2 Nc5 33. Ke2 g5 34. Rb1 g4 35. Nd1 g3 36. Kf1 g2+ 37. Kg1 Rh3
38. Kxg2 Rxd3 39. Rb5 Ne4 40. c5 Rxd1 41. f3 Rd2+ 42. Kf1 Ng3+ 43. Ke1 Rc2
44. Kd1 d3 45. Rb7 Nf1 46. Rxf7+ Kg6 47. Rd7 Ne3+ 48. Ke1 Re2# { White
checkmated } 0-1

[Event "ICC tourney 2313 (120 10)"]
[Site "Internet Chess Club"]
[Date "2021.01.18"]
[Round "5"]
[White "grantwey"]
[Black "oxdidi"]
[Result "0-1"]
[ICCResult "White checkmated"]
[WhiteElo "429"]
[BlackElo "959"]
[Opening "Réti opening"]
[ECO "A05"]
[NIC "QP.11"]
[Time "11:01:27"]
[PlyCount "70"]
[TimeControl "7200+10"]

1. Nf3 Nf6 2. Nc3 g6 3. e3 Bg7 4. g3 d6 5. Bg2 O-O 6. d4 Nbd7 7. e4 e5 8.
dxe5 dxe5 9. Be3 b6 10. Qd2 Bb7 11. Ng5 h6 12. Nh3 Qe7 13. Bxh6 Rad8 14.
Bxg7 Kxg7 15. O-O Nc5 16. Qe3 Rh8 17. Ng5 Ng4 18. Qc1 Nxh2 19. Re1 Ng4 20.
f3 Nf6 21. Qe3 Ba6 22. f4 exf4 23. Qxf4 Ne6 24. Nxe6+ Qxe6 25. Rf1 Bxf1 26.
Rxf1 Nh5 27. Qf3 Rd2 28. g4 Nf6 29. g5 Nh7 30. Qf4 Rxc2 31. Bh3 Qe7 32. Nd5
Qxg5+ 33. Qxg5 Nxg5 34. Bg4 Rhh2 35. Nxc7 Rcg2# { White checkmated } 0-1

[Event "ICC tourney 2313 (120 10)"]
[Site "Internet Chess Club"]
[Date "2021.01.18"]
[Round "5"]
[White "andrewhhu"]
[Black "chessbud"]
[Result "1-0"]
[ICCResult "Black checkmated"]
[WhiteElo "965"]
[BlackElo "1251"]
[Opening "Giuoco Piano"]
[ECO "C50"]
[NIC "IG.02"]
[Time "11:01:18"]
[PlyCount "73"]
[TimeControl "7200+10"]

1. e4 e5 2. Nf3 Nc6 3. Bc4 Bc5 4. O-O d6 5. d3 Nf6 6. Bg5 h6 7. Bh4 g5 8.
Bg3 Bg4 9. Nbd2 Qd7 10. c3 Kd8 11. a4 h5 12. h3 h4 13. Bh2 Bh5 14. b4 g4
15. bxc5 gxh3 16. g3 hxg3 17. fxg3 Rg8 18. Qe1 Ke7 19. Qf2 Rg6 20. Nh4 Rg4
21. Qxf6+ Kf8 22. Qh8+ Ke7 23. Qxa8 Rxg3+ 24. Bxg3 Qg4 25. Nf5+ Kd7 26. Qh8
h2+ 27. Kxh2 Qe2+ 28. Rf2 Qg4 29. Ne3 Qg5 30. Raf1 Qxe3 31. Qxh5 Qxc5 32.
Rxf7+ Ne7 33. Bb5+ c6 34. Rxe7+ Kxe7 35. Rf7+ Ke8 36. Qf5 Qe3 37. Qd7# {
Black checkmated } 1-0

[Event "ICC tourney 2313 (120 10)"]
[Site "Internet Chess Club"]
[Date "2021.01.18"]
[Round "5"]
[White "chessadpa"]
[Black "dwonf"]
[Result "0-1"]
[ICCResult "White resigns"]
[WhiteElo "1179"]
[BlackElo "1347"]
[Opening "Sicilian: Nimzovich-Rossolimo attack (without ...d6)"]
[ECO "B30"]
[NIC "SI.31"]
[Time "11:01:45"]
[PlyCount "90"]
[TimeControl "7200+10"]

1. e4 c5 2. Nf3 Nc6 3. Bb5 Qb6 4. Bxc6 Qxc6 5. Nc3 Nf6 6. e5 Nd5 7. Nxd5
Qxd5 8. O-O e6 9. Re1 b5 10. c3 Bb7 11. d3 Be7 12. Qe2 g5 13. Qf1 g4 14.
Nd2 O-O-O 15. Ne4 h5 16. Ng5 Rdf8 17. Ne4 h4 18. f3 gxf3 19. Qxf3 f6 20.
Qe2 Qxe5 21. Qf2 Rfg8 22. Bf4 Qf5 23. Qd2 Qg6 24. Re2 f5 25. Nd6+ Bxd6 26.
Bxd6 Bf3 27. Rf2 Bd5 28. c4 e5 29. Bxe5 Rh7 30. cxd5 h3 31. g3 Qb6 32. Kf1
Qb7 33. Qa5 d6 34. Bf4 Qxd5 35. Qa6+ Rb7 36. Ke2 Qd4 37. Qc6+ Kb8 38. Bxd6+
Ka8 39. Rb1 c4 40. dxc4 bxc4 41. Rxf5 Qd3+ 42. Kf2 Qxf5+ 43. Bf4 Qxb1 44.
Qd5 Qxb2+ 45. Kf1 Qg2+ { White resigns } 0-1

[Event "ICC tourney 2313 (120 10)"]
[Site "Internet Chess Club"]
[Date "2021.01.18"]
[Round "5"]
[White "kittypuppy"]
[Black "PirateKing"]
[Result "1/2-1/2"]
[ICCResult "Game drawn by repetition"]
[WhiteElo "1058"]
[BlackElo "957"]
[Opening "QGD Slav: 4.Nc3"]
[ECO "D15"]
[NIC "SL.03"]
[Time "11:01:18"]
[PlyCount "81"]
[TimeControl "7200+10"]

1. d4 d5 2. c4 c6 3. Nc3 Nf6 4. Nf3 Bf5 5. Bf4 e6 6. e3 Bb4 7. Be2 Ne4 8.
Qb3 Bxc3+ 9. bxc3 b6 10. O-O O-O 11. Rfc1 Nd7 12. Qb2 c5 13. Nd2 Nxd2 14.
Qxd2 Nf6 15. Qb2 Ne4 16. Bd3 Qh4 17. Bg3 Nxg3 18. hxg3 Qg5 19. Be2 Rab8 20.
Qa3 Rb7 21. Bf3 Be4 22. Bxe4 dxe4 23. Rab1 Rc8 24. Rb5 Qe7 25. Rcb1 Qd7 26.
dxc5 Rxc5 27. Rxc5 bxc5 28. Rxb7 Qxb7 29. Qxc5 g6 30. Qb4 Qc7 31. c5 Qc6
32. Qb8+ Kg7 33. Qxa7 Kh6 34. Qb6 Qd5 35. c6 Qd1+ 36. Kh2 Qh5+ 37. Kg1 Qd1+
38. Kh2 Qh5+ 39. Kg1 Qd1+ 40. Kh2 Qh5+ 41. Kg1 { Game drawn by repetition }
1/2-1/2

[Event "ICC tourney 2313 (120 10)"]
[Site "Internet Chess Club"]
[Date "2021.01.18"]
[Round "5"]
[White "drquinzel"]
[Black "traycon"]
[Result "0-1"]
[ICCResult "White checkmated"]
[WhiteElo "648"]
[BlackElo "853"]
[Opening "Caro-Kann: exchange variation"]
[ECO "B13"]
[NIC "CK.02"]
[Time "11:01:14"]
[PlyCount "98"]
[TimeControl "7200+10"]

1. e4 c6 2. d4 d5 3. exd5 cxd5 4. Bf4 e6 5. Bxb8 Rxb8 6. Bb5+ Bd7 7. Nc3
Be7 8. Nf3 Nf6 9. Ne5 O-O 10. O-O a6 11. Bxd7 Nxd7 12. Qh5 Nxe5 13. Qxe5
Bd6 14. Qe3 Re8 15. f4 Qf6 16. Ne2 Qg6 17. g3 Qxc2 18. b3 f6 19. Rfc1 Qg6
20. Qf3 Rbc8 21. Rxc8 Rxc8 22. a4 Rc2 23. Qf1 Qe4 24. Re1 Qe3+ 25. Kh1 Qxb3
26. Rc1 Rxc1 27. Nxc1 Qxa4 28. Qf2 Qd1+ 29. Kg2 Qxc1 30. f5 e5 31. Qa2 Qc4
32. Qa5 Bc7 33. Qa3 Kf7 34. Qe3 Qxd4 35. Qxd4 exd4 36. Kf2 a5 37. Ke2 Be5
38. Kd3 a4 39. g4 a3 40. Kc2 d3+ 41. Kxd3 a2 42. h4 a1=Q 43. Ke3 Qd4+ 44.
Kf3 Qf4+ 45. Kg2 Bd4 46. h5 Qe3 47. Kh2 Be5+ 48. Kh1 Qg3 49. g5 Qh2# {
White checkmated } 0-1

[Event "ICC tourney 2313 (120 10)"]
[Site "Internet Chess Club"]
[Date "2021.01.18"]
[Round "5"]
[White "DanielGuan"]
[Black "MatthewDiao"]
[Result "0-1"]
[ICCResult "White resigns"]
[WhiteElo "1291"]
[BlackElo "1256"]
[Opening "Queen's gambit declined"]
[ECO "D30"]
[NIC "QO.17"]
[Time "11:01:11"]
[PlyCount "70"]
[TimeControl "7200+10"]

1. d4 e6 2. c4 d5 3. cxd5 exd5 4. Nc3 Be7 5. Nf3 Nf6 6. Bf4 a6 7. Rc1 c6 8.
e3 O-O 9. Bd3 b6 10. Be5 Nbd7 11. O-O Bb7 12. Qb3 Nxe5 13. Nxe5 Bd6 14. Nf3
Qc7 15. e4 dxe4 16. Nxe4 Nxe4 17. Bxe4 Bf4 18. Rc2 Rad8 19. Rd1 Rfe8 20.
Qd3 h6 21. g3 Bd6 22. Rdc1 c5 23. Bxb7 Qxb7 24. d5 Be5 25. Rd1 Bd4 26. Nxd4
Rxd5 27. Qf3 Qd7 28. Rcd2 Rxd4 29. Rxd4 cxd4 30. Qd3 b5 31. Kg2 Qd5+ 32.
Kh3 Re5 33. g4 Qc6 34. Qxd4 Qf3+ 35. Kh4 g5+ { White resigns } 0-1

[Event "ICC tourney 2313 (120 10)"]
[Site "Internet Chess Club"]
[Date "2021.01.18"]
[Round "5"]
[White "logicalinsanity"]
[Black "tcquinlan"]
[Result "0-1"]
[ICCResult "White checkmated"]
[WhiteElo "545"]
[BlackElo "1060"]
[Opening "Queen's pawn, Mason variation"]
[ECO "D00"]
[NIC "QP.08"]
[Time "11:02:07"]
[PlyCount "90"]
[TimeControl "7200+10"]

1. d4 d5 2. Bf4 Nc6 3. e3 Nf6 4. Bd3 e6 5. Nf3 Bd6 6. Bg3 O-O 7. Nbd2 b6 8.
c3 Re8 9. Qe2 Bb7 10. Ne5 a6 11. f4 g6 12. Bh4 Kg7 13. O-O-O Be7 14. Bxf6+
Bxf6 15. Rhf1 Na7 16. Qg4 h5 17. Qh3 Nc6 18. g4 Rh8 19. gxh5 Rxh5 20. Qg3
Nxe5 21. fxe5 Bh4 22. Rxf7+ Kxf7 23. Qxg6+ Ke7 24. Qxh5 Kd7 25. Qf7+ Kc8
26. Qxe6+ Qd7 27. Qg8+ Qd8 28. Qg4+ Kb8 29. Rf1 Bc8 30. Bf5 Bxf5 31. Rxf5
Kb7 32. e4 Be7 33. exd5 Qg8 34. Qe4 Rd8 35. d6+ Kc8 36. dxe7 Re8 37. e6 Kb8
38. Qf3 Qxe6 39. Rf8 Qe1+ 40. Kc2 Qxe7 41. Rxe8+ Qxe8 42. h4 Qa4+ 43. Kb1
a5 44. Qf8+ Ka7 45. h5 Qd1# { White checkmated } 0-1

[Event "ICC tourney 2313 (120 10)"]
[Site "Internet Chess Club"]
[Date "2021.01.18"]
[Round "5"]
[White "aaronfeng"]
[Black "SMILERG"]
[Result "0-1"]
[ICCResult "White checkmated"]
[WhiteElo "993"]
[BlackElo "1247"]
[Opening "Ruy Lopez: closed, Averbach variation"]
[ECO "C79"]
[NIC "RL.16"]
[Time "11:01:17"]
[PlyCount "84"]
[TimeControl "7200+10"]

1. e4 e5 2. Nf3 Nc6 3. Bb5 a6 4. Ba4 Nf6 5. O-O d6 6. Re1 Be7 7. c3 O-O 8.
h3 Be6 9. d4 exd4 10. cxd4 d5 11. e5 Ne4 12. Nc3 Ng5 13. Bxg5 Bxg5 14. a3
Na5 15. Bc2 Qe7 16. Qd3 g6 17. b3 Bf5 18. Qd1 Bxc2 19. Qxc2 c6 20. Na4 b5
21. Nc5 Bf4 22. Qc3 Nb7 23. Nd3 Bg5 24. Nxg5 Qxg5 25. Qxc6 Na5 26. Qxd5
Rad8 27. Qe4 Nxb3 28. Rad1 Rxd4 29. Qb7 Nd2 30. Nc5 a5 31. Nd7 Rd8 32. Nf6+
Kg7 33. g4 Qf4 34. Kg2 Rd3 35. Re3 Rxe3 36. fxe3 Qxe5 37. g5 Qxg5+ 38. Ng4
h5 39. Qb6 hxg4 40. hxg4 Qxg4+ 41. Kf2 Ne4+ 42. Ke1 Rxd1# { White
checkmated } 0-1

[Event "ICC tourney 2313 (120 10)"]
[Site "Internet Chess Club"]
[Date "2021.01.18"]
[Round "5"]
[White "maanavshah2005"]
[Black "itg"]
[Result "1-0"]
[ICCResult "Black resigns"]
[WhiteElo "180"]
[BlackElo "881"]
[Opening "Three knights game"]
[ECO "C46"]
[NIC "KP.06"]
[Time "11:01:12"]
[PlyCount "69"]
[TimeControl "7200+10"]

1. e4 e5 2. Nf3 Nc6 3. Nc3 Bc5 4. d3 Nf6 5. Bg5 h6 6. Be3 Bb6 7. Bxb6 axb6
8. d4 exd4 9. Nxd4 O-O 10. Bb5 Re8 11. f3 Nxd4 12. Qxd4 c6 13. Bd3 d5 14.
b4 dxe4 15. Qxd8 Rxd8 16. fxe4 Ra3 17. Nb1 Rdxd3 18. cxd3 Rxd3 19. Ke2 Rd4
20. Nc3 Rxb4 21. Rab1 Bg4+ 22. Ke3 Rxb1 23. Rxb1 b5 24. a4 bxa4 25. Rxb7 a3
26. Rc7 Be6 27. Rxc6 Ng4+ 28. Kd4 Nxh2 29. Ra6 f5 30. Rxe6 fxe4 31. Nxe4
Nf1 32. Ra6 g5 33. Rxh6 a2 34. Ra6 a1=Q+ 35. Rxa1 { Black resigns } 1-0

[Event "ICC tourney 2313 (120 10)"]
[Site "Internet Chess Club"]
[Date "2021.01.18"]
[Round "5"]
[White "vihaan2011"]
[Black "DrBryanJ"]
[Result "1-0"]
[ICCResult "Black resigns"]
[WhiteElo "1307"]
[BlackElo "1261"]
[Opening "Giuoco Pianissimo: Italian four knights variation"]
[ECO "C50"]
[NIC "IG.02"]
[Time "11:01:17"]
[PlyCount "69"]
[TimeControl "7200+10"]

1. e4 e5 2. Nf3 Nc6 3. Bc4 Bc5 4. Nc3 Nf6 5. d3 O-O 6. Bg5 h6 7. Bh4 d6 8.
Nd5 g5 9. Bg3 Nxd5 10. Bxd5 Bg4 11. Bxc6 bxc6 12. h4 Qf6 13. hxg5 hxg5 14.
Qd2 Bxf3 15. gxf3 Kg7 16. O-O-O Rh8 17. Rxh8 Rxh8 18. b4 Bb6 19. a4 a6 20.
a5 Ba7 21. Rg1 c5 22. bxc5 Bxc5 23. f4 Rb8 24. Rg2 Ba3+ 25. Kd1 Rb1+ 26.
Ke2 Bb4 27. fxe5 Qg6 28. c3 Qh5+ 29. f3 Ba3 30. exd6 Rb2 31. Qxb2 Bxb2 32.
d7 Qh3 33. Be5+ Kg6 34. Rxg5+ Kxg5 35. d8=Q+ { Black resigns } 1-0

[Event "ICC tourney 2313 (120 10)"]
[Site "Internet Chess Club"]
[Date "2021.01.18"]
[Round "5"]
[White "halobeams"]
[Black "bryantan2010"]
[Result "1/2-1/2"]
[ICCResult "Game drawn by mutual agreement"]
[WhiteElo "1278"]
[BlackElo "1138"]
[Opening "Two knights defense (Modern bishop's opening)"]
[ECO "C55"]
[NIC "IG.01"]
[Time "11:01:59"]
[PlyCount "63"]
[TimeControl "7200+10"]

1. e4 e5 2. Nf3 Nc6 3. Bc4 Nf6 4. d3 d6 5. Bg5 Be7 6. c3 O-O 7. Nbd2 Bg4 8.
h3 Bh5 9. g4 Bg6 10. Be3 h6 11. Nh4 Kh7 12. Nf5 d5 13. Nxe7 Nxe7 14. exd5
Nexd5 15. Qe2 Nb6 16. O-O-O Qd7 17. d4 exd4 18. Bxd4 Qc6 19. Bd3 Rfe8 20.
Bxg6+ fxg6 21. Qf3 Qxf3 22. Nxf3 g5 23. h4 Nxg4 24. hxg5 Re2 25. gxh6 gxh6
26. Ng5+ Kg6 27. Nh3 Kf5 28. Rd2 Rxd2 29. Kxd2 Nc4+ 30. Kc2 Re8 31. b3 Nd6
32. Kd3 { Game drawn by mutual agreement } 1/2-1/2

[Event "ICC tourney 2313 (120 10)"]
[Site "Internet Chess Club"]
[Date "2021.01.18"]
[Round "5"]
[White "charmingraven"]
[Black "kevin2010"]
[Result "1-0"]
[ICCResult "Black checkmated"]
[WhiteElo "926"]
[BlackElo "1126"]
[Opening "Sicilian: closed"]
[ECO "B23"]
[NIC "SI.44"]
[Time "11:02:07"]
[PlyCount "75"]
[TimeControl "7200+10"]

1. e4 c5 2. Nc3 e6 3. d3 Qc7 4. Be2 Nf6 5. Be3 Nc6 6. Nf3 Be7 7. O-O O-O 8.
Re1 d5 9. exd5 exd5 10. Qd2 d4 11. Bf4 Bd6 12. Bxd6 Qxd6 13. Nb5 Qb8 14.
Qg5 a6 15. Na3 b6 16. Nh4 h6 17. Qd2 Re8 18. Bf3 Bb7 19. Nc4 b5 20. Bxc6
Bxc6 21. Na5 Rxe1+ 22. Rxe1 Bd5 23. Nb3 Ng4 24. g3 Qc7 25. Nf5 Kh7 26. Re7
Qd8 27. Re1 Qf6 28. Qf4 h5 29. h3 g5 30. Qd2 Qxf5 31. hxg4 Qf3 32. Re4 Bxe4
33. dxe4 hxg4 34. Nxc5 Rh8 35. Qxg5 f6 36. Qh5+ Kg7 37. Ne6+ Kg8 38. Qg6# {
Black checkmated } 1-0

[Event "ICC tourney 2313 (120 10)"]
[Site "Internet Chess Club"]
[Date "2021.01.18"]
[Round "5"]
[White "elyfeldman01"]
[Black "rileygordon"]
[Result "0-1"]
[ICCResult "White checkmated"]
[WhiteElo "1020"]
[BlackElo "1328"]
[Opening "Alekhine's defense: Scandinavian variation"]
[ECO "B02"]
[NIC "AL.10"]
[Time "11:01:17"]
[PlyCount "80"]
[TimeControl "7200+10"]

1. e4 Nf6 2. Nc3 d5 3. exd5 Nxd5 4. Nxd5 Qxd5 5. Nf3 Nc6 6. d4 e5 7. dxe5
Qxd1+ 8. Kxd1 Bg4 9. Bf4 O-O-O+ 10. Bd3 Nd4 11. Bg5 Rd5 12. Re1 Bxf3+ 13.
gxf3 Nxf3 14. Bf4 Nxe1 15. Kxe1 Bb4+ 16. Ke2 Re8 17. Bxh7 g6 18. c4 Rd4 19.
Ke3 Rxc4 20. a3 Bc5+ 21. Kf3 Bxf2 22. e6 Rxe6 23. Rf1 Rf6 24. Rxf2 Rcxf4+
25. Kg2 Rxf2+ 26. Kg3 R2f5 27. h4 Rh5 28. Kg4 Rxh7 29. Kg5 Rf5+ 30. Kg4 Kd7
31. b4 Ke6 32. b5 Ke5 33. a4 Ke4 34. a5 Rf4+ 35. Kg3 Rhxh4 36. b6 Rfg4+ 37.
Kf2 Rh2+ 38. Kf1 cxb6 39. axb6 axb6 40. Ke1 Rg1# { White checkmated } 0-1

[Event "ICC tourney 2313 (120 10)"]
[Site "Internet Chess Club"]
[Date "2021.01.18"]
[Round "5"]
[White "siddharthbose"]
[Black "chess278"]
[Result "1/2-1/2"]
[ICCResult "Game drawn by mutual agreement"]
[WhiteElo "1232"]
[BlackElo "1287"]
[Opening "Caro-Kann: classical variation"]
[ECO "B18"]
[NIC "CK.10"]
[Time "11:01:19"]
[PlyCount "177"]
[TimeControl "7200+10"]

1. e4 c6 2. d4 d5 3. Nc3 dxe4 4. Nxe4 Bf5 5. Nc3 Nf6 6. Bc4 e6 7. Nf3 Bd6
8. Bg5 Nbd7 9. O-O O-O 10. Bb3 Qc7 11. h3 Rac8 12. Qe2 Rfe8 13. Qd2 a6 14.
a4 c5 15. a5 c4 16. Ba4 Bb4 17. Bxf6 gxf6 18. Bxd7 Qxd7 19. Ra2 Red8 20.
Rd1 Qc7 21. Rda1 Qc6 22. Qe2 Bxc3 23. bxc3 Be4 24. Kh2 Kh8 25. Rg1 Rg8 26.
Ne1 Qd6+ 27. Kh1 Qf4 28. Nf3 Qf5 29. Kh2 Qf4+ 30. Kh1 Rg6 31. Ne1 Rcg8 32.
f3 Bd5 33. Qf2 Rh6 34. Ra1 Rg3 35. Qf1 Qf5 36. Kh2 Qf4 37. Kh1 Qe3 38. Rb1
Rhg6 39. Ra1 Qd2 40. Ra3 Rh6 41. Ra1 Qxc3 42. Ra2 Qd2 43. Rb2 Qc3 44. Ra2
Qxd4 45. Ra3 c3 46. Qd3 Qxd3 47. Nxd3 Bxf3 48. Kh2 Rhg6 49. Nf4 R6g5 50.
Rxc3 e5 51. h4 R5g4 52. Rc8+ Kg7 53. Nh5+ Kh6 54. gxf3 Rxg1 55. fxg4 Rxg4
56. Nxf6 Rxh4+ 57. Kg3 Ra4 58. Rc5 Kg6 59. Nd7 f6 60. Nb6 Ra2 61. Nd5 h5
62. Rc7 Rxa5 63. Ne7+ Kg5 64. Rxb7 h4+ 65. Kh3 Ra3+ 66. Rb3 Rxb3+ 67. cxb3
e4 68. Nd5 f5 69. Ne3 f4 70. Nf1 f3 71. Nh2 f2 72. Kg2 h3+ 73. Kxh3 Kf4 74.
Kg2 Ke3 75. Kf1 Kd2 76. Kxf2 e3+ 77. Kg2 e2 78. Nf3+ Kd1 79. Kg3 e1=Q+ 80.
Nxe1 Kxe1 81. Kf3 Kd2 82. Kf2 Kc3 83. Ke1 Kxb3 84. Kd1 a5 85. Kc1 Ka2 86.
Kc2 a4 87. Kc1 a3 88. Kc2 Ka1 89. Kc1 { Game drawn by mutual agreement }
1/2-1/2